 Dungeon Crawl Stone Soup version 0.32-a0-872-g59262bdc9b (webtiles) character file.

Game seed: 175294635182241371

767 Biggs the Shooter (level 7, -7/50 HPs)
             Began as a Coglin Hunter on Mar 31, 2024.
             Shot with an arrow by a centaur (8 damage)
             ... on level 5 of the Dungeon.
             The game lasted 00:09:57 (3221 turns).

Biggs the Shooter (Coglin Hunter)                   Turns: 3221, Time: 00:09:58

Health: -7/50      AC:  6    Str: 12    XL:     7   Next: 82%
Magic:  7/7        EV: 13    Int:  8    God:
Gold:   37         SH:  0    Dex: 19    Spells: 6/6 levels left

rFire   . . .        a - +2 sling {Isolde}
rCold   . . .        d - +0 sling {Suthep}
rNeg    . . .        t - +2 leather armour {Will+}
rPois   .            (no helmet)
rElec   .            (no cloak)
rCorr   .            o - +0 pair of gloves
SInv    .            (no boots)
Will    +....        (amulet unavailable)
Stlth   ++           (ring unavailable)
HPRegen 0.28/turn    (ring unavailable)
MPRegen 0.10/turn    (no gizmo)

%: no passive effects
@: revved
A: off-hand wielding, slow wielding, warmup strikes, no jewellery
a: Invent Gizmo


You were on level 5 of the Dungeon.
You visited 2 branches of the dungeon, and saw 6 of its levels.

You collected 142 gold pieces.
You spent 105 gold pieces at shops.

Inventory:

Hand Weapons
 a - a +2 sling (weapon) {Isolde}
 d - a +0 sling (offhand) {Suthep}
Missiles
 k - a throwing net
Armour
 o - a +0 pair of gloves (worn)
 t - a +2 leather armour of willpower (worn)
Scrolls
 b - a scroll of butterflies
 f - a scroll of enchant armour {unknown}
 i - 2 scrolls of poison {unknown}
 j - 7 scrolls of identify {unknown}
 m - 2 scrolls of blinking {unknown}
 n - 2 scrolls of teleportation {unknown}
 u - a scroll of immolation {unknown}
Potions
 c - a potion of berserk rage {unknown}
 e - a potion of heal wounds {unknown}
 g - 2 potions of invisibility {unknown}
 h - 3 potions of mutation {unknown}
 l - 3 potions of curing {unknown}
 p - a potion of haste {unknown}
 q - a potion of brilliance {unknown}
 r - a potion of resistance {unknown}
 s - a potion of degeneration {unknown}


   Skills:
 - Level 2.0 Fighting
 - Level 7.5 Ranged Weapons
 + Level 4.3 Dodging
 - Level 0.7 Stealth


You had 6 spell levels left.
You didn't know any spells.
Your spell library contained the following spells:

 Spells                   Type           Power      Damage    Failure   Level
 Apportation              Tloc           0%         N/A       50%         1
 Ensorcelled Hibernation  Hex/Ice        0%         N/A       63%         2
 Jinxbite                 Hex            0%         N/A       63%         2
 Lesser Beckoning         Tloc           0%         N/A       63%         2
 Static Discharge         Conj/Air       0%         3-3/arc   63%         2
 Passwall                 Erth           0%         N/A       86%         3
 Swiftness                Air            0%         N/A       86%         3
 Teleport Other           Tloc           0%         N/A       86%         3
 Airstrike                Air            0%         2d(0-16)  99%         4
 Animate Dead             Necr           0%         N/A       99%         4
 Maxwell's Portable Pile  Tloc           0%         2d(5-10)  99%         4
 Summon Lightning Spire   Summ/Air       0%         N/A       99%         4
 Alistair's Intoxication  Alch           0%         N/A       100%        5
 Haunt                    Necr/Summ      0%         N/A       100%        7
 Infestation              Necr           0%         N/A       100%        8


Dungeon Overview and Level Annotations

Branches:
Dungeon (5/15)             Temple (1/1) D:4

Altars:
Ashenzari
Gozag
Hepliaklqana
Kikubaaqudgha
Makhleb
Qazlal
Ru
Sif Muna
Uskayaw
Vehumet
Wu Jian
Yredelemnul
Zin
The Shining One

Shops:
D:4 [=:(:


Innate Abilities, Weirdness & Mutations

You can wield a second weapon in your off-hand.
It takes a long time for you to wield or remove held weapons.
Your first few attacks do less damage.
You cannot equip rings or amulets.


Message History

The centaur is heavily wounded.
The centaur shoots an arrow.
The arrow hits you but does no damage.
The centaur shoots an arrow.
The arrow barely misses you.
Fire: a) +2 sling {Isolde}
Press: ? - help, Q - select action, (/) - cycle Shift-Dir - straight line, f/p - centaur
Aim: a centaur, wielding a +0 shortbow (heavily wounded, 75% to hit)
You shoot a sling bullet. The sling bullet hits the centaur.
The centaur is severely wounded.
You shoot a sling bullet.
The sling bullet closely misses the centaur.
The centaur shoots an arrow.
The arrow hits you!
Fire: a) +2 sling {Isolde}
Press: ? - help, Q - select action, (/) - cycle Shift-Dir - straight line, f/p - centaur
Aim: a centaur, wielding a +0 shortbow (severely wounded, 75% to hit)
You shoot a sling bullet.
The sling bullet barely misses the centaur.
You shoot a sling bullet.
The sling bullet hits the centaur but does no damage.
The centaur is severely wounded.
The centaur shoots an arrow.
The arrow hits you!
* * * LOW HITPOINT WARNING * * *
The centaur shoots an arrow.
The arrow completely misses you.
Fire: a) +2 sling {Isolde}
Press: ? - help, Q - select action, (/) - cycle Shift-Dir - straight line, f/p - centaur
Aim: a centaur, wielding a +0 shortbow (severely wounded, 75% to hit)
You shoot a sling bullet. The sling bullet hits the centaur.
The centaur is severely wounded.
You shoot a sling bullet.
The sling bullet barely misses the centaur.
Fire: a) +2 sling {Isolde}
Press: ? - help, Q - select action, (/) - cycle Shift-Dir - straight line, f/p - centaur
Aim: a centaur, wielding a +0 shortbow (severely wounded, 75% to hit)
You shoot a sling bullet. The sling bullet hits the centaur.
The centaur is almost dead.
You shoot a sling bullet.
The sling bullet completely misses the centaur.
The centaur shoots an arrow.
The arrow hits you!
* * * LOW HITPOINT WARNING * * *
The centaur shoots an arrow.
The arrow hits you!
You die...

#..†.†##...##.... ...
#<...........
....#...........
............###.#
............###.# .
................## ..#
..............#..###....
....####.............###
.... #......##@.c.....
... ##...#..##)......
#..###.# ...##.# .....
.. .#[.# ..##..
......... ... ## .....
.$.. #. ...... ... ..#
...


You could see a centaur.

Vanquished Creatures
  Sigmund (D:3)
  An ogre (D:4)
  A scorpion (D:4)
  A jelly (D:5)
  A bombardier beetle (D:3)
  Terence (D:3)
  An iguana (D:5)
  Natasha (thrice) (D:3)
  3 orc wizards
  4 gnolls (D:4)
  5 adders
  2 ufetubi (D:5)
  3 dart slugs
  A ribbon worm (D:2)
  14 orcs
  17 bats
  4 endoplasms
  4 giant cockroaches
  7 hobgoblins
  4 jackals (D:3)
  3 quokkas
  7 ball pythons
  4 frilled lizards
  7 goblins
  2 kobolds
  5 rats (D:2)
106 creatures vanquished.

Notes
Turn   | Place    | Note
-------+----------+-------------------------------------------
     0 | D:1      | Biggs the Coglin Hunter began the quest for the Orb.
     0 | D:1      | Reached XP level 1. HP: 16/16 MP: 1/1
   200 | D:1      | Reached skill level 4 in Ranged Weapons
   200 | D:1      | Reached XP level 2. HP: 20/22 MP: 2/2
   726 | D:2      | Reached XP level 3. HP: 27/27 MP: 3/3
  1049 | D:2      | Reached skill level 5 in Ranged Weapons
  1064 | D:2      | Reached XP level 4. HP: 33/33 MP: 4/4
  1204 | D:3      | Noticed Terence
  1699 | D:3      | Reached XP level 5. HP: 8/38 MP: 5/5
  1892 | D:3      | Killed Terence
  1893 | D:3      | Reached skill level 6 in Ranged Weapons
  2031 | D:3      | Noticed Sigmund
  2062 | D:3      | Killed Sigmund
  2063 | D:3      | Reached skill level 7 in Ranged Weapons
  2063 | D:3      | Reached XP level 6. HP: 14/44 MP: 6/6
  2186 | D:3      | Noticed Natasha
  2191 | D:3      | Killed Natasha
  2193 | D:3      | Noticed Natasha
  2197 | D:3      | Killed Natasha
  2206 | D:3      | Noticed Natasha
  2210 | D:3      | Killed Natasha
  2266 | D:3      | Found a stormy altar of Qazlal.
  2430 | D:4      | Reached XP level 7. HP: 49/50 MP: 7/7
  2562 | D:4      | Identified the +1 mace of Rinoh Fuin {flame, rN+ Will++
                  | Int-2 Stlth+}
  2581 | D:4      | Found a burning altar of Makhleb.
  2593 | D:4      | Found Jaubli Iruur's Book Shop.
  2645 | D:4      | Found Gief's Antique Armour Shoppe.
  2648 | D:4      | Bought a dyed leather armour for 105 gold pieces
  2689 | D:4      | Found Capuor's Jewellery Emporium.
  2746 | D:4      | Found Qubaitativ's Antique Weapon Boutique.
  2890 | D:4      | Found Henorr's Book Shop.
  2984 | D:4      | Found a staircase to the Ecumenical Temple.
  3000 | Temple   | Entered the Ecumenical Temple
  3166 | D:5      | Entered Level 5 of the Dungeon
  3221 | D:5      | HP: 1/50 [centaur/arrow (8)]
  3221 | D:5      | Shot with an arrow by a centaur

Illustrated notes

Levels and vault maps discovered:
D:1:      beargit_arrival_greenhouse, layout_basic, st_stairs_3
D:2:      layout_rooms, bh_walls_and_bars
D:3:      layout_loops_ring, general_overflow_altar, uniq_sigmund, uniq_natasha,
          uniq_terence
D:4:      layout_rooms, mainiacjoe_overflow_brackets,
          minmay_temple_entry_nine_rooms, serial_shops,
          nicolae_shop_tiny_real_fake_doors, nicolae_shop_pleasant_corner_grove,
          shop, shop, nicolae_shop_stone
D:5:      layout_cave_pools, nemelex_spade_bored_becter, fedhas_ov_isle_minmay,
          grunt_dithmenos_shadows
Temple:   hellmonk_temple_flake

Skill      XL: |  1  2  3  4  5  6  7 |
---------------+----------------------+-----
Ranged Weapons | 4 5 7 |  7.5
Dodging        | 4 |  4.3
Fighting       | |  2.0
Stealth        | |  0.7

Action                     |  1- 3 |  4- 6 |  7- 9 || total
---------------------------+-------+-------+-------++-------
  Melee: Sling             |       |     8 |     4 ||    12
   Fire: Sling             |   150 |   242 |   172 ||   564
 Armour: Leather armour    |    10 |    42 |    41 ||    93
  Dodge: Dodged            |     4 |    19 |    45 ||    68

Table legend: (Time is in decaauts)
 A = Elapsed time spent in this place.
 B = Non-inter-level travel time spent in this place.
 C = Inter-level travel time spent in this place.
 D = Time resting spent in this place.
 E = Time spent auto-exploring this place.
 F = Levels seen in this place.
 G = Mean time per level.
                   A        B        C        D        E       F      G
               +--------+--------+--------+--------+--------+-----+--------+
         Total |   3273 |   3198 |     75 |      0 |   2643 |   6 |  545.5 |
       Dungeon |   3271 |   3196 |     75 |      0 |   2643 |   5 |  654.2 |
        Temple |      1 |      1 |      0 |      0 |      0 |   1 |    1.0 |
               +--------+--------+--------+--------+--------+-----+--------+

Top non-repeatable levels by time:
     D:3: 1160 daAuts
     D:4: 810 daAuts
     D:1: 696 daAuts
     D:2: 548 daAuts
     D:5: 55 daAuts
  Temple: 1 daAuts
